TOP OF THE 1ST |
Highwood Hawks batting - Pitching for Walla Walla Walleye : LHP Octávio Fernández
|
Pitching: LHP Octávio Fernández
|
|
Batting: RHB Marcox Fiadeiro
|
0-0: Ball 1-0: Ball 2-0: Foul Ball, location: 2F 2-1: Foul Ball, location: 2F 2-2: Ball 3-2: Base on Balls
|
Batting: RHB Oscar Stephens
|
0-0: Swinging Strike 0-1: Swinging Strike 0-2: Foul Ball, location: 2F 0-2: Strikes out swinging
|
Batting: LHB Raúl Aguirre
|
0-0: Ball 1-0: Ball 2-0: Fly out, F9 (Line Drive, 9M)
|
Batting: LHB Jeff Rutherford
|
0-0: Ground out 3-1 (Groundball, 3)
|
Top of the 1st over - 0 run(s), 0 hit(s), 0 error(s), 1 left on base; Highwood 0 - Walla Walla 0 |
BOTTOM OF THE 1ST |
Walla Walla Walleye batting - Pitching for Highwood Hawks : RHP Enrique Madrid
|
Pitching: RHP Enrique Madrid
|
|
Batting: LHB Ángel López
|
0-0: Foul Ball, location: 2F 0-1: Swinging Strike 0-2: Ball 1-2: Strikes out looking
|
Batting: RHB Gaston Waller
|
0-0: Foul Ball, location: 2F 0-1: Ball 1-1: SINGLE (Groundball, 56)
|
Batting: RHB Mario Piña
|
0-0: Grounds into double play, U4-3 (Groundball, 4)
|
Bottom of the 1st over - 0 run(s), 1 hit(s), 0 error(s), 0 left on base; Highwood 0 - Walla Walla 0 |
TOP OF THE 2ND |
Highwood Hawks batting - Pitching for Walla Walla Walleye : LHP Octávio Fernández
|
Batting: RHB Derrek Church
|
0-0: Fly out, F3 (Popup, 3DF)
|
Batting: SHB Luis Manuel Flores
|
0-0: Called Strike 0-1: Ball 1-1: Ground out 6-3 (Groundball, 6)
|
Batting: RHB Harry Freidricks
|
0-0: Ball 1-0: Called Strike 1-1: Called Strike 1-2: Ball 2-2: Strikes out swinging
|
Top of the 2nd over - 0 run(s), 0 hit(s), 0 error(s), 0 left on base; Highwood 0 - Walla Walla 0 |
BOTTOM OF THE 2ND |
Walla Walla Walleye batting - Pitching for Highwood Hawks : RHP Enrique Madrid
|
Batting: RHB Miguel Rosales
|
0-0: Fly out, F3 (Popup, 3)
|
Batting: RHB Jorge Arreola
|
0-0: Called Strike 0-1: Swinging Strike 0-2: Strikes out swinging
|
Batting: RHB Jorge Gutiérrez
|
0-0: Ball 1-0: Swinging Strike 1-1: Swinging Strike 1-2: Strikes out swinging
|
Bottom of the 2nd over - 0 run(s), 0 hit(s), 0 error(s), 0 left on base; Highwood 0 - Walla Walla 0 |
TOP OF THE 3RD |
Highwood Hawks batting - Pitching for Walla Walla Walleye : LHP Octávio Fernández
|
Batting: RHB Geoffrey Broekhuizen
|
0-0: Fly out, F9 (Flyball, 9M)
|
Batting: LHB Errol Levick
|
0-0: Ground out 1-3 (Groundball, 15)
|
Batting: RHB Marcox Fiadeiro
|
0-0: Ball 1-0: Ball 2-0: Foul Ball, location: 2F 2-1: Foul Ball, location: 2F 2-2: Foul Ball, location: 2F 2-2: Ball 3-2: Foul Ball, location: 2F 3-2: Base on Balls
|
Batting: RHB Oscar Stephens
|
0-0: Ball 1-0: Called Strike 1-1: Swinging Strike 1-2: Strikes out swinging
|
Top of the 3rd over - 0 run(s), 0 hit(s), 0 error(s), 1 left on base; Highwood 0 - Walla Walla 0 |
BOTTOM OF THE 3RD |
Walla Walla Walleye batting - Pitching for Highwood Hawks : RHP Enrique Madrid
|
Batting: RHB David Abreu
|
0-0: Called Strike 0-1: Called Strike 0-2: Ball 1-2: Strikes out looking
|
Batting: RHB Warren Willis
|
0-0: Ball 1-0: Ground out 5-3 (Groundball, 5)
|
Batting: RHB Fernando Gonzáles
|
0-0: Called Strike 0-1: Fly out, F4 (Line Drive, 4)
|
Bottom of the 3rd over - 0 run(s), 0 hit(s), 0 error(s), 0 left on base; Highwood 0 - Walla Walla 0 |
TOP OF THE 4TH |
Highwood Hawks batting - Pitching for Walla Walla Walleye : LHP Octávio Fernández
|
Batting: LHB Raúl Aguirre
|
0-0: Foul Ball, location: 2F 0-1: SINGLE (Line Drive, 8RS)
|
Batting: LHB Jeff Rutherford
|
0-0: Called Strike 0-1: SINGLE (Line Drive, 89M) Raúl Aguirre to second
|
Batting: RHB Derrek Church
|
0-0: Foul Ball, location: 2F 0-1: Foul Ball, location: 2F 0-2: Ball 1-2: Strikes out swinging
|
Batting: SHB Luis Manuel Flores
|
0-0: Grounds into double play, 6-4-3 (Groundball, 6)
|
Top of the 4th over - 0 run(s), 2 hit(s), 0 error(s), 1 left on base; Highwood 0 - Walla Walla 0 |
BOTTOM OF THE 4TH |
Walla Walla Walleye batting - Pitching for Highwood Hawks : RHP Enrique Madrid
|
Batting: LHB Ángel López
|
0-0: Ground out U3 (Groundball, 3)
|
Batting: RHB Gaston Waller
|
0-0: Ball 1-0: Swinging Strike 1-1: Ball 2-1: Ball 3-1: Base on Balls
|
Batting: RHB Mario Piña
|
0-0: Ball 1-0: Foul Ball, location: 2F 1-1: Ball 2-1: Called Strike 2-2: Ball 3-2: Base on Balls Gaston Waller to second
|
Batting: RHB Miguel Rosales
|
0-0: DOUBLE (Groundball, 5L) Gaston Waller scores Mario Piña to third
|
Batting: RHB Jorge Arreola
|
0-0: Foul Ball, location: 2F 0-1: Foul Ball, location: 2F 0-2: Strikes out looking
|
Batting: RHB Jorge Gutiérrez
|
0-0: Called Strike 0-1: Ground out 4-3 (Groundball, 4)
|
Bottom of the 4th over - 1 run(s), 1 hit(s), 0 error(s), 2 left on base; Highwood 0 - Walla Walla 1 |
TOP OF THE 5TH |
Highwood Hawks batting - Pitching for Walla Walla Walleye : LHP Octávio Fernández
|
Batting: RHB Harry Freidricks
|
0-0: Ball 1-0: Foul Ball, location: 2F 1-1: Ball 2-1: Called Strike 2-2: Ball 3-2: Foul Ball, location: 2F 3-2: Strikes out swinging
|
Batting: RHB Geoffrey Broekhuizen
|
0-0: SINGLE (Flyball, 7LS) - OUT at second base trying to stretch hit.
|
Batting: LHB Errol Levick
|
0-0: Ball 1-0: SINGLE (Flyball, 8RS)
|
Batting: RHB Marcox Fiadeiro
|
0-0: Called Strike 0-1: Fly out, F7 (Flyball, 78M)
|
Top of the 5th over - 0 run(s), 2 hit(s), 0 error(s), 1 left on base; Highwood 0 - Walla Walla 1 |
BOTTOM OF THE 5TH |
Walla Walla Walleye batting - Pitching for Highwood Hawks : RHP Enrique Madrid
|
Batting: RHB David Abreu
|
0-0: Bunt missed! 0-1: SINGLE (Flyball, 8LS)
|
Batting: RHB Warren Willis
|
0-0: Sac Bunt - play at first, batter OUT! 2-4 David Abreu to second
|
Batting: RHB Fernando Gonzáles
|
0-0: Ball 1-0: SINGLE (Line Drive, 6M) David Abreu to third Runner from 3rd tries for Home, SAFE, no throw or cutoff
|
Batting: LHB Ángel López
|
0-0: Ball 1-0: Foul Ball, location: 2F 1-1: Foul Ball, location: 2F 1-2: Ball 2-2: Ball 3-2: Hit by Pitch Fernando Gonzáles to second
|
Batting: RHB Gaston Waller
|
0-0: Ball 1-0: Called Strike 1-1: Foul Ball, location: 2F 1-2: Strikes out swinging
|
Batting: RHB Mario Piña
|
0-0: SINGLE (Line Drive, 4D) Fernando Gonzáles to third Ángel López to second Runner from 3rd tries for Home, SAFE, no throw or cutoff
|
Batting: RHB Miguel Rosales
|
0-0: Called Strike 0-1: DOUBLE (Line Drive, 3L) Ángel López scores Mario Piña to third Runner from 3rd tries for Home, SAFE, no throw or cutoff
|
Batting: RHB Jorge Arreola
|
0-0: Ball 1-0: Foul Ball, location: 2F 1-1: Ball 2-1: SINGLE (Groundball, 6D) (infield hit) Miguel Rosales to third
|
Batting: RHB Jorge Gutiérrez
|
0-0: Ball 1-0: Ball 2-0: SINGLE (Line Drive, 6M) Miguel Rosales scores Jorge Arreola to second
|
Pitching: RHP Enrique Bernal
|
|
Batting: RHB David Abreu
|
0-0: Ball 1-0: Called Strike 1-1: Swinging Strike 1-2: Foul Ball, location: 2F 1-2: Ball 2-2: Ground out 6-3 (Groundball, 6)
|
Bottom of the 5th over - 5 run(s), 6 hit(s), 0 error(s), 2 left on base; Highwood 0 - Walla Walla 6 |
TOP OF THE 6TH |
Highwood Hawks batting - Pitching for Walla Walla Walleye : LHP Octávio Fernández
|
Batting: RHB Oscar Stephens
|
0-0: Ball 1-0: SINGLE (Line Drive, 4MD)
|
Batting: LHB Raúl Aguirre
|
0-0: Called Strike 0-1: Fielders Choice at 2nd, 4-6 (Groundball, 34)
|
Batting: LHB Jeff Rutherford
|
0-0: DOUBLE (Line Drive, 7LM) Raúl Aguirre to third
|
Batting: RHB Derrek Church
|
0-0: Ball 1-0: Called Strike 1-1: Fly out, F9 (Flyball, 9LM) Runner from 3rd tags up, SCORES, no throw
|
Batting: SHB Luis Manuel Flores
|
0-0: Fly out, F9 (Flyball, 9LS)
|
Top of the 6th over - 1 run(s), 2 hit(s), 0 error(s), 1 left on base; Highwood 1 - Walla Walla 6 |
BOTTOM OF THE 6TH |
Walla Walla Walleye batting - Pitching for Highwood Hawks : RHP Enrique Bernal
|
Batting: RHB Warren Willis
|
0-0: Foul Ball, location: 2F 0-1: Called Strike 0-2: Foul Ball, location: 2F 0-2: SINGLE (Line Drive, 34D)
|
Batting: RHB Fernando Gonzáles
|
0-0: Called Strike 0-1: Ball 1-1: Bunted foul 1-2: Ball 2-2: Fly out, F8 (Flyball, 8LM)
|
Batting: LHB Ángel López
|
0-0: Called Strike 0-1: Called Strike 0-2: Foul Ball, location: 2F 0-2: Ball 1-2: Fly out, F7 (Flyball, 7LM) 1-2: Fly out, F7 (Flyball, 7LM)
|
Batting: RHB Gaston Waller
|
0-0: Ball Warren Willis steals 2nd base 1-0: Ground out 6-3 (Groundball, 6)
|
Bottom of the 6th over - 0 run(s), 1 hit(s), 0 error(s), 1 left on base; Highwood 1 - Walla Walla 6 |
TOP OF THE 7TH |
Highwood Hawks batting - Pitching for Walla Walla Walleye : LHP Octávio Fernández
|
Now in RF: José León
|
|
Batting: RHB Harry Freidricks
|
0-0: Ball 1-0: Swinging Strike 1-1: Foul Ball, location: 2F 1-2: Fly out, F9 (Flyball, 89S)
|
Batting: RHB Geoffrey Broekhuizen
|
0-0: Ground out 4-3 (Groundball, 4)
|
Batting: LHB Errol Levick
|
0-0: Ball 1-0: Swinging Strike 1-1: Called Strike 1-2: Ball 2-2: Strikes out swinging
|
Top of the 7th over - 0 run(s), 0 hit(s), 0 error(s), 0 left on base; Highwood 1 - Walla Walla 6 |
BOTTOM OF THE 7TH |
Walla Walla Walleye batting - Pitching for Highwood Hawks : RHP Enrique Bernal
|
Batting: RHB Mario Piña
|
0-0: Fly out, F9 (Flyball, 9M)
|
Batting: LHB José León
|
0-0: Called Strike 0-1: Called Strike 0-2: Ball 1-2: Ball 2-2: Ball 3-2: Strikes out swinging
|
Batting: RHB Jorge Arreola
|
0-0: Ball 1-0: Ball 2-0: Fly out, F3 (Popup, 23)
|
Bottom of the 7th over - 0 run(s), 0 hit(s), 0 error(s), 0 left on base; Highwood 1 - Walla Walla 6 |
TOP OF THE 8TH |
Highwood Hawks batting - Pitching for Walla Walla Walleye : LHP Octávio Fernández
|
Batting: RHB Marcox Fiadeiro
|
0-0: Ball 1-0: Foul Ball, location: 2F 1-1: Ball 2-1: Called Strike 2-2: SINGLE (Groundball, 34D)
|
Batting: RHB Oscar Stephens
|
0-0: Called Strike 0-1: Ball 1-1: SINGLE (Line Drive, 4M) Marcox Fiadeiro to second
|
Batting: LHB Raúl Aguirre
|
0-0: Ball 1-0: Called Strike 1-1: Ball 2-1: Foul Ball, location: 2F 2-2: Foul Ball, location: 2F 2-2: TRIPLE (Line Drive, 34) Marcox Fiadeiro scores Oscar Stephens scores
|
Batting: LHB Jeff Rutherford
|
0-0: Ground out 4-3 (Groundball, 34) Raúl Aguirre scores
|
Batting: RHB Derrek Church
|
0-0: Ball 1-0: Called Strike 1-1: Called Strike 1-2: Foul Ball, location: 2F 1-2: Strikes out swinging
|
Batting: SHB Luis Manuel Flores
|
0-0: Ball 1-0: Swinging Strike 1-1: Ball 2-1: Swinging Strike 2-2: Ball 3-2: Strikes out swinging
|
Top of the 8th over - 3 run(s), 3 hit(s), 0 error(s), 0 left on base; Highwood 4 - Walla Walla 6 |
BOTTOM OF THE 8TH |
Walla Walla Walleye batting - Pitching for Highwood Hawks : RHP Enrique Bernal
|
Batting: RHB Jorge Gutiérrez
|
0-0: Swinging Strike 0-1: Ball 1-1: Ball 2-1: Foul Ball, location: 2F 2-2: Strikes out swinging
|
Batting: RHB David Abreu
|
0-0: Called Strike 0-1: Ball 1-1: Ground out 2-3 (Groundball, 2R)
|
Batting: RHB Warren Willis
|
0-0: Bunt for hit - play at first, batter safe!
|
Batting: RHB Fernando Gonzáles
|
0-0: Swinging Strike 0-1: Ball 1-1: Ball 2-1: Called Strike 2-2: Ball Warren Willis steals 2nd base 3-2: Ground out 5-3 (Groundball, 56S)
|
Bottom of the 8th over - 0 run(s), 1 hit(s), 0 error(s), 1 left on base; Highwood 4 - Walla Walla 6 |
TOP OF THE 9TH |
Highwood Hawks batting - Pitching for Walla Walla Walleye : LHP Octávio Fernández
|
Pitching: RHP Manuel Pader
|
|
Batting: RHB Harry Freidricks
|
0-0: Ground out 6-3 (Groundball, 56)
|
Batting: RHB Geoffrey Broekhuizen
|
0-0: Called Strike 0-1: Called Strike 0-2: Strikes out swinging
|
Batting: LHB Errol Levick
|
0-0: Ball 1-0: Called Strike 1-1: Ball 2-1: Called Strike 2-2: Ball 3-2: Foul Ball, location: 2F 3-2: Strikes out looking
|
Top of the 9th over - 0 run(s), 0 hit(s), 0 error(s), 0 left on base; Highwood 4 - Walla Walla 6 |
|